[Event "*** Titled Tuesday Blitz"]
[Site "Chess.com"]
[Date "2019.03.05"]
[Round "4"]
[White "belisarius64"]
[Black "jflup"]
[Result "1/2-1/2"]
[WhiteElo "2484"]
[BlackElo "2353"]
[TimeControl "180+2"]
[EndTime "13:58:15 PST"]
[Termination "Game drawn by agreement"]

1. e4 d6 2. d4 Nf6 3. Bd3 e5 4. c3 d5 5. dxe5 Nxe4 6. Nd2 Nc5 7. Bb1 Qg5 8. Ngf3 Qxg2 9. Rg1 Qh3 10. b4 Ne6 11. Nb3 Nc6 12. b5 Ne7 13. Bd3 Ng6 14. Bf1 Qh5 15. Qxd5 Be7 16. Qe4 Nh4 17. Nxh4 Qxh4 18.
Qxh4 Bxh4 19. Be3 a6 20. bxa6 b6 21. O-O-O Bxa6 22. Bg2 Rd8 23. Bc6+ Ke7 24. Nd4 Nxd4 25. cxd4 Bc8 26. Rxg7 Rdg8 27. Rdg1 Rxg7 28. Rxg7 Bf5 29.
d5 Bg6 30. Bd4 Rd8 31. Bc3 Kf8 32. e6 fxe6 33. dxe6 Be7 34. h4 Rd6 35. Bd7 Rd5 36. a4 Rc5 37. Kb2 Rxc3 38. Rxg6 hxg6 39. Kxc3 Bxh4 40.
f3 Ke7 41. Kc4 Bg3 42. Kb5 Kf6 43. Ka6 Bd6 44. Kb7 Ke7 45. Kc6 g5 46. Kd5 Kf6 47.
Ke4 Be7 48. Bc8 Bd6 49. Kd5 Be7 50. Kc6 Bd6 51. Kd7 Bc5 52. Kxc7 Ke7 53. Kc6 Be3 54. Kd5 Bf2 55. Ke4 Be1 56. Ke3 Bc3 57. Kd3 Bb2 58. Kc4 Bc1 59. Bd7 Be3 60. Kd5 Bc1 61. Ke4 Bd2 62. Kf5 Bc1 63. Bc6 Bf4 64. Be4 Bc1 65.
Bc2 Bd2 66. Bb3 Bc1 67. Ke4 Bf4 68. Kd3 Bc1 69. Kc4 Be3 70. Kb5 Bf2 71. a5 bxa5 72.
Kxa5 Be3 73. Kb5 Bf4 74. Kc4 Bc1 75. Kd5 Bf4 76. Ke4 Bc1 77. Kf5 Bf4 78. Bc4 1/2-1/2

[Event "*** Titled Tuesday Blitz"]
[Site "Chess.com"]
[Date "2019.03.05"]
[Round "4"]
[White "PlotnikovPavel"]
[Black "Vugar_Manafov"]
[Result "0-1"]
[WhiteElo "2367"]
[BlackElo "2410"]
[TimeControl "180+2"]
[EndTime "13:58:15 PST"]
[Termination "Vugar_Manafov won by resignation"]

1. d4 Nf6 2. Nf3 d5 3. c4 e6 4. Nc3 Bb4 5. Bg5 O-O 6. e3 Nbd7 7. cxd5 exd5 8. Bd3 c6 9. O-O Re8 10. a3 Be7 11. b4 Ne4 12. Bxe7 Qxe7 13. Qc2 Ndf6 14. Ne5 Nxc3 15. Qxc3 Ne4 16. Bxe4 dxe4 17. Qc5 f6 18. Qxe7 Rxe7 19. Nc4 Be6 20. Rfc1 Bd5 21. Na5 h5 22. Rc3 Rd8 23. Rac1 h4 24. a4 a6 25. Nb3 Bxb3 26.
Rxb3 Rd5 27. Rc5 Red7 28. Kf1 Kf7 29. Ke2 Ke6 30. f3 f5 31. Rb1 g6 32. Rf1 Rf7 33.
Rxd5 cxd5 34. Rc1 Kd6 35. Rc8 Rc7 36. Rxc7 Kxc7 37. Kf2 Kd6 38. g3 hxg3+ 39. Kxg3 exf3 40. Kxf3 g5 41. Kg3 Ke6 42. h4 g4 43. Kf4 Kf6 44.
b5 axb5 45. axb5 b6 46. Kg3 Kg6 47. Kg2 Kh5 48. Kg3 Kg6 49. Kg2 Kh6 50. Kh2 Kg7 51. Kg3 Kf6 52. Kg2 Ke6 53. Kg3 Kd7 54. Kf4 Ke7 55. Kg3 Ke6 56. Kf4 Kf7 57. Kg3 Kf6 58. Kf4 Kg6 59. Kg3 Kh5 60. e4 fxe4 61. Kf4 Kxh4 62.
Ke5 e3 63. Kd6 e2 64. Kc7 e1=Q 0-1

[Event "*** Titled Tuesday Blitz"]
[Site "Chess.com"]
[Date "2019.03.05"]
[Round "4"]
[White "PulpanJ"]
[Black "shrek4life02"]
[Result "0-1"]
[WhiteElo "2645"]
[BlackElo "2393"]
[TimeControl "180+2"]
[EndTime "13:58:26 PST"]
[Termination "shrek4life02 won by checkmate"]

1. b3 Nf6 2. Bb2 g6 3. Bxf6 exf6 4. c4 Bg7 5. Nc3 O-O 6. g3 Nc6 7. Bg2 f5 8. Nf3 f4 9. gxf4 d6 10. Rc1 a5 11. e3 a4 12. Nxa4 Re8 13. O-O Nb4 14.
a3 Nd3 15. Rc2 c6 16. Ne1 Bf5 17. e4 Nxe1 18. Rxe1 Bd7 19. d4 b5 20. cxb5 cxb5 21. Nc3 Rxa3 22. Ra2 Rxa2 23. Nxa2 Qb6 24. d5 Ra8 25.
Nb4 Qc5 26. Nd3 Qd4 27. e5 Bf5 28. Bf1 Ra2 29. Qf3 Rd2 30. Re3 dxe5 31. Nxe5 Qxd5 32. Qxd5 Rxd5 33. Nc6 Bf8 34. Ne7+ Bxe7 35. Rxe7 Rd1 36.
Kg2 Bd3 37. Bxd3 Rxd3 38. Re3 Rxe3 39. fxe3 f5 40. Kf3 Kf7 41. e4 fxe4+ 42. Kxe4 Ke6 43.
Kd4 Kd6 44. b4 h6 45. Ke4 Ke6 46. Kd4 Kd6 47. Ke4 Ke6 48. h3 g5 49. f5+ Kf6 50.
Kd5 h5 51. Kc5 g4 52. hxg4 hxg4 53. Kxb5 g3 54. Kc6 g2 55. b5 g1=Q 56. b6 Qc1+ 57. Kd7 Qd2+ 58. Kc7 Qc3+ 59. Kd7 Qd4+ 60. Kc6 Qc4+ 61.
Kb7 Kxf5 62. Ka7 Qa4+ 63. Kb8 Ke6 64. b7 Kd6 65. Kc8 Qc6+ 66. Kb8 Qa6 67. Kc8 Kc6 68. Kb8 Qxb7# 0-1

[Event "*** Titled Tuesday Blitz"]
[Site "Chess.com"]
[Date "2019.03.05"]
[Round "4"]
[White "AkibaRubi"]
[Black "pedro_gines"]
[Result "1-0"]
[WhiteElo "2581"]
[BlackElo "2416"]
[TimeControl "180+2"]
[EndTime "13:58:28 PST"]
[Termination "AkibaRubi won by resignation"]

1. d4 Nf6 2. c4 d6 3. Nf3 Nbd7 4. Nc3 e5 5. e4 c6 6. Be2 g6 7. O-O Bg7 8. Be3 O-O 9. d5 c5 10. Nd2 Ne8 11. a3 f5 12. exf5 gxf5 13. f4 b6 14.
fxe5 dxe5 15. b4 Nd6 16. Na4 f4 17. Bf2 e4 18. bxc5 bxc5 19. Nxc5 e3 20. Ne6 exf2+ 21. Kh1 Qh4 22. Nf3 Qh6 23. Nxf8 Ne4 24. h3 Ng3+ 25.
Kh2 Nxf1+ 26. Bxf1 Nxf8 27. Rc1 Qg6 28. c5 Bf5 29. d6 Ne6 30. c6 Nd4 31. Nxd4 Qg3+ 32. Kh1 Bxh3 33. Qb3+ Qxb3 34. Nxb3 Bf5 35. c7 Be5 36. Rc5 Bxd6 37. Rxf5 Bxc7 38. Rc5 Bb6 39. Rg5+ Kh8 40. Kh2 Rd8 41. g3 fxg3+ 42. Kxg3 Rd1 43. Kg2 h6 44. Rg3 Kh7 45. Rd3 Rb1 46. Nd4 Kg6 47. Kxf2 Kf6 48. Kg2 Rb2+ 49. Kf3 Ra2 50. Nb5 Bc5 51.
Rc3 Be7 52. Bd3 a6 53. Rc6+ Ke5 54. Rxa6 h5 55. Ra7 Bc5 56. Rc7 Bb6 57. Re7+ Kf6 58. Rh7 Kg5 59. Rg7+ Kf6 60. Rg6+ Ke5 61. Rxb6 h4 62. Rh6 Kd5 63. Rh5+ 1-0

[Event "*** Titled Tuesday Blitz"]
[Site "Chess.com"]
[Date "2019.03.05"]
[Round "4"]
[White "Angry_Serb"]
[Black "CaptainCasanova"]
[Result "1/2-1/2"]
[WhiteElo "2575"]
[BlackElo "2778"]
[TimeControl "180+2"]
[EndTime "13:58:29 PST"]
[Termination "Game drawn - insufficient material"]

1. e4 c5 2. Nc3 Nc6 3. Bb5 g6 4.
Bxc6 dxc6 5. d3 Bg7 6. Be3 b6 7.
f4 Nf6 8. Nf3 Nd7 9. Qd2 e5 10.
O-O-O O-O 11. f5 b5 12. g4 b4 13. Ne2 Qa5 14. Kb1 Nb6 15. b3 Rd8 16. Qc1 Ba6 17.
Bh6 c4 18. Bxg7 Kxg7 19. dxc4 Nxc4 20. f6+ Kxf6 21. bxc4 Bxc4 22. Qg5+ Kg7 23. Nc1 f6 24. Qe3 Qb6 25. Qxb6 axb6 26. g5 c5 27. gxf6+ Kxf6 28. Nd3 Bxa2+ 29. Kc1 Be6 30. Nfxe5 c4 31. Rhf1+ Kg7 32.
Nxb4 c3 33. Kb1 Rdc8 34. Nec6 Ra4 35. Rd3 Rb8 36. Nxb8 Rxb4+ 37. Kc1 Ra4 38. Kd1 Bg4+ 39.
Ke1 Rxe4+ 40. Kf2 Rf4+ 41. Kg1 Rc4 42. Nd7 Be2 43. Ne5 Bxd3 44. Nxd3 Rg4+ 45. Kf2 Ra4 46. Ke2 b5 47. Rb1 Rh4 48. Rxb5 Rxh2+ 49.
Nf2 h5 50. Rc5 Rg2 51. Rxc3 Rg1 52. Rd3 h4 53. Rd1 Rxd1 54. Kxd1 Kf6 55. Ke1 Ke5 56. Ke2 Kd4 57. Nd1 g5 58. Kf3 Kc4 59. Kg4 Kd4 60.
c3+ Kd3 61. Kf3 h3 62. Kg3 g4 63. Nf2+ Kxc3 64. Nxg4 h2 65. Nxh2 1/2-1/2

[Event "*** Titled Tuesday Blitz"]
[Site "Chess.com"]
[Date "2019.03.05"]
[Round "4"]
[White "bascheyaro"]
[Black "KhalilMousavi77"]
[Result "1-0"]
[WhiteElo "2804"]
[BlackElo "2662"]
[TimeControl "180+2"]
[EndTime "13:58:32 PST"]
[Termination "bascheyaro won by resignation"]

1. d4 d5 2. c4 e6 3. Nc3 Be7 4. Bf4 Nf6 5. e3 Nbd7 6. Nf3 O-O 7. Qc2 c5 8. cxd5 Nxd5 9. Nxd5 exd5 10. Bd3 Qa5+ 11. Qd2 Qxd2+ 12. Kxd2 c4 13. Bc2 b5 14. b3 Bb7 15. Rab1 b4 16. Rhc1 c3+ 17. Ke1 a5 18. Bf5 Nf6 19. Ne5 a4 20. Bc2 axb3 21. Bxb3 Ne4 22. Rc2 g5 23. Bg3 h5 24. f3 Nd2 25.
Rxd2 cxd2+ 26. Kxd2 Rfc8 27. Be1 Rc7 28. Nd3 Bd6 29.
Bg3 Bxg3 30. hxg3 Rd8 31. Nxb4 Kg7 32. Nd3 Ba6 33. Nc5 Bc4 34. Bxc4 dxc4 35. Kc3 Ra8 36. a4 Re7 37. e4 g4 38. Kxc4 gxf3 39. gxf3 Kh6 40. Rb6+ Kh7 41. d5 Rg8 42. d6 Ra7 43. d7 Raa8 44. Rf6 Rxg3 45. Rxf7+ Kg6 46. Re7 Rxf3 47.
Ne6 Kf6 48. Re8 Rxa4+ 49. Kb5 Rd3 50. e5+ Kf7 51. Ng5+ Kg6 52. Kxa4 Rxd7 53. Nf3 Rd3 54. Rf8 Re3 55. Kb5 Kg7 56. Rf4 h4 57. Kc5 h3 58.
Kd4 Ra3 59. Ke4 Kg6 60. Rg4+ Kh5 61. Rh4+ Kg6 62. Rxh3 1-0

[Event "*** Titled Tuesday Blitz"]
[Site "Chess.com"]
[Date "2019.03.05"]
[Round "4"]
[White "Orange_Ghost"]
[Black "wenx95"]
[Result "1/2-1/2"]
[WhiteElo "2553"]
[BlackElo "2490"]
[TimeControl "180+2"]
[EndTime "13:58:35 PST"]
[Termination "Game drawn by agreement"]

1. d4 g6 2. c4 Bg7 3. Nc3 c5 4.
d5 Bxc3+ 5. bxc3 f5 6. h4 Nf6 7.
h5 Rg8 8. hxg6 hxg6 9. Qa4 Qb6 10. Nf3 Qa6 11. Qxa6 Nxa6 12. Bf4 d6 13. e3 Nb8 14.
Bd3 Nbd7 15. Ng5 Nb6 16. f3 Bd7 17. Kf2 O-O-O 18. Rab1 Rh8 19. Nf7 Rxh1 20. Rxh1 Rf8 21. Ng5 Na4 22. Rc1 Nb2 23. Be2 b5 24. cxb5 Nxd5 25.
c4 Nb4 26. Rb1 Na4 27. Rb3 e5 28. Bg3 Nxa2 29. Ra3 N2c3 30. Bf1 Kb7 31. Kg1 a6 32. bxa6+ Kxa6 33. Be1 Nd1 34. Be2 Nb2 35. Bc3 Rb8 36. Kf2 Rb4 37. Nh7 Nxc4 38. Nf8 Bb5 39. Bxb4 Nxa3 40.
Bxa3 Bxe2 41. Kxe2 Kb5 42. Kd2 Kc4 43. Kc2 Nc3 44. Nxg6 Nd5 45. Bc1 Nb4+ 46. Kd2 Nd5 47. g4 fxg4 48. fxg4 Nf6 49. g5 Ne4+ 50. Kc2 Nxg5 51.
Ne7 Ne4 52. Nf5 d5 53. Ba3 d4 54. exd4 cxd4 55. Bc1 d3+ 56. Kd1 Nf2+ 57. Ke1 Ne4 58. Be3 Kc3 59. Kd1 d2 60. Nh4 Kd3 61. Bxd2 Nxd2 62. Ng6 e4 63. Ne5+ Ke3 64. Ng4+ Kf3 65.
Ne5+ Ke3 66. Ng4+ Kd3 67. Nf2+ 1/2-1/2

[Event "*** Titled Tuesday Blitz"]
[Site "Chess.com"]
[Date "2019.03.05"]
[Round "4"]
[White "Witik"]
[Black "eljanov"]
[Result "0-1"]
[WhiteElo "2667"]
[BlackElo "2765"]
[TimeControl "180+2"]
[EndTime "13:58:36 PST"]
[Termination "eljanov won by resignation"]

1. d4 Nf6 2. c4 e6 3. Nf3 b6 4. g3 Bb7 5. Bg2 Be7 6. O-O O-O 7. d5 exd5 8. Nh4 c6 9. cxd5 Nxd5 10. Nf5 Nc7 11. e4 d5 12. Qg4 Bf6 13. exd5 cxd5 14. Nc3 Nd7 15. Bf4 Ne5 16. Qh5 g6 17. Nh6+ Kg7 18.
Qd1 Re8 19. h4 Ne6 20. Be3 Nc4 21. Bc1 Nxb2 22. Bxb2 Kxh6 23. Nxd5 Bxd5 24. Bxf6 Qxf6 25. Qxd5 Rad8 26. Qc6 Kg7 27. Rad1 Nc5 28. Qxf6+ Kxf6 29. Bc6 Rxd1 30. Rxd1 Re2 31. a4 Ke7 32. Rd4 Re6 33. Bf3 Rd6 34. Rc4 Rd3 35. Kg2 Kd6 36. h5 Ra3 37. Rd4+ Ke5 38. Rd8 Rxa4 39. h6 Ne6 40.
Rh8 Kf6 41. Rxh7 Ng5 42. Rh8 Nxf3 43. Kxf3 Kg5 44. Kg2 f5 45. f4+ Kh5 46. Kh3 Ra2 47. Rh7 b5 48. Rh8 a6 49. Rh7 b4 50. Rb7 Kxh6 51.
Rxb4 a5 52. Rb7 Rc2 53. Ra7 Rc5 54. Kh4 Rb5 55. Kh3 g5 56. Ra6+ Kh5 57. fxg5 Kxg5 58.
Ra8 Rc5 59. Rg8+ Kf6 60. Ra8 Ke5 61. Kh4 Kd4 62. Kg5 Kc3 63. Kf4 Rb5 64. Rc8+ Kb3 65. Ra8 a4 0-1

[Event "*** Titled Tuesday Blitz"]
[Site "Chess.com"]
[Date "2019.03.05"]
[Round "4"]
[White "ProstoIgrok"]
[Black "TST2014"]
[Result "0-1"]
[WhiteElo "2671"]
[BlackElo "2520"]
[TimeControl "180+2"]
[EndTime "13:58:36 PST"]
[Termination "TST2014 won by resignation"]

1. e4 c5 2. Nf3 Nc6 3. d4 cxd4 4.
Nxd4 Nf6 5. Nc3 d6 6. Bg5 e6 7. f3 a6 8. Qd2 Bd7 9. O-O-O b5 10.
h4 h6 11. Be3 Ne5 12. Bd3 Qc7 13. f4 Nc4 14. Bxc4 Qxc4 15. e5 dxe5 16. fxe5 b4 17. exf6 bxc3 18. Qxc3 Qxc3 19. bxc3 gxf6 20. Rhf1 f5 21. Nf3 Ba3+ 22. Kd2 Bb5 23. Rf2 Bd6 24. Bd4 Rg8 25. Ne5 f6 26. Nd3 Bg3 27. Re2 e5 28.
Rf1 O-O-O 29. Rxf5 exd4 30. Rxf6 Bxh4 31. Rf5 Bg5+ 32. Kd1 dxc3 33. Rc5+ Kb8 34. Rxc3 Rd7 35. Rc5 Rgd8 36. Ke1 Bh4+ 37. Kf1 Bxd3 38. cxd3 Rxd3 39. Rb2+ Ka8 40. Ke2 Bg5 41. Rb6 Ka7 42. Rcc6 Rd2+ 43. Kf3 R8d3+ 44. Ke4 Rd4+ 45. Kf5 Rxa2 46. Rb3 Rf4+ 47.
Kg6 Rf8 48. Rc7+ Ka8 49. Rbb7 Be3 50. g4 Ra4 51. Kh5 Rb8 52. Rxb8+ Kxb8 53. Re7 Ra5+ 54. Kg6 Rg5+ 55. Kf6 Bd4+ 56. Kf7 Rxg4 57. Re6 Rg7+ 58. Kf8 h5 59. Rxa6 h4 60. Rh6 Rg4 61. Ke7 Bf2 62.
Ke6 Bg3 63. Kf5 Rf4+ 64. Ke5 Kc7 65. Rh7+ Kc6 66. Rh6+ Kc5 67. Ke6 Kd4 0-1

[Event "*** Titled Tuesday Blitz"]
[Site "Chess.com"]
[Date "2019.03.05"]
[Round "4"]
[White "PotapovaM"]
[Black "Kimster98"]
[Result "0-1"]
[WhiteElo "2413"]
[BlackElo "2612"]
[TimeControl "180+2"]
[EndTime "13:58:44 PST"]
[Termination "Kimster98 won by resignation"]

1. d4 Nf6 2. c4 e6 3. Nf3 b6 4. a3 Bb7 5. Nc3 Ne4 6. Nxe4 Bxe4 7. Nd2 Bb7 8. e4 g6 9. Bd3 Bg7 10. Nf3 d6 11. O-O O-O 12. Bg5 Bf6 13. Bh6 Bg7 14. Bg5 Bf6 15. Bh6 Bg7 16. Bg5 Qe8 17. Qd2 Nd7 18.
Bh6 Qe7 19. Bg5 Qe8 20. Bh6 e5 21. Rfe1 Qe7 22. Bg5 Qe8 23. Bh6 a5 24. b3 Qe7 25.
Bg5 Qe8 26. Bh6 exd4 27. Bxg7 Kxg7 28. Nxd4 Nc5 29. Qc3 Kg8 30. Bc2 Qe5 31. Nb5 Qxc3 32. Nxc3 Bc6 33. b4 axb4 34. axb4 Ne6 35. Nd5 Rxa1 36. Rxa1 Ra8 37. Rxa8+ Bxa8 38. Nc3 Bc6 39. f3 g5 40. Kf2 Kg7 41. Ke3 h6 42. Ne2 Bd7 43.
Nd4 Nxd4 44. Kxd4 Be6 45. Bd3 c5+ 46. bxc5 bxc5+ 47. Ke3 f6 48. g3 Kf8 49. f4 Ke7 50. h4 Bf7 51. Be2 Be6 52. Bd3 gxh4 53. gxh4 Bf7 54.
Be2 Bg8 55. Bf1 Bh7 56. Kf3 Kd7 57. Bd3 Kc7 58. Kg4 Bg6 59. f5 Bf7 60. Kf4 Kb6 61. e5 dxe5+ 62. Ke4 Ka5 63. Ke3 Kb4 64. Be4 Kxc4 65.
Bc2 Kc3 66. Bb1 c4 67. Be4 Kb2 68. Kd2 c3+ 69. Kd1 Bb3+ 0-1

[Event "*** Titled Tuesday Blitz"]
[Site "Chess.com"]
[Date "2019.03.05"]
[Round "4"]
[White "Jabberwockiez"]
[Black "NemtsevIgor"]
[Result "0-1"]
[WhiteElo "2215"]
[BlackElo "2334"]
[TimeControl "180+2"]
[EndTime "13:58:56 PST"]
[Termination "NemtsevIgor won by resignation"]

1. e4 c6 2. d4 d5 3. e5 c5 4. Be3 Nc6 5. Bb5 cxd4 6. Bxd4 Qa5+ 7. Nc3 e6 8. a3 Bd7 9. Bxc6 bxc6 10. b4 Qc7 11.
Na4 Ne7 12. g4 h5 13. gxh5 Nf5 14. Nf3 Rxh5 15. Nc5 g6 16. c3 Bh6 17. Qd3 Rh3 18.
Qe2 Bf4 19. Kf1 Ke7 20. Nd3 Bh6 21. Bc5+ Ke8 22. Nd4 a5 23. Nxf5 gxf5 24. Kg2 Rh4 25. Rag1 Bf8 26. Kf1 Bxc5 27. Nxc5 Ke7 28. Qe3 Rah8 29.
Qg5+ Ke8 30. Qf6 axb4 31. cxb4 Qd8 32. Rg7 Qxf6 33. exf6 Bc8 34. Rhg1 Rf8 35. Rg8 Rxh2 36. a4 Rh4 37. b5 cxb5 38. axb5 Rb4 39. Rxf8+ Kxf8 40. Rh1 Rb1+ 41. Kg2 Rxh1 42. Kxh1 Kg8 43. b6 Kh7 44. b7 Bxb7 45. Nxb7 Kg6 46. Kg2 Kxf6 47.
Kf3 e5 48. Nc5 d4 49. Ke2 e4 50. Nb3 Ke5 51. Kd2 f4 52. Ke2 f3+ 53. Kd2 f5 54. Nc5 f4 55. Nd7+ Kd6 56. Nf6 e3+ 57. fxe3 fxe3+ 58. Kd3 f2 59. Ke2 d3+ 60. Kf1 d2 61. Ne4+ Ke5 62.
Nc3 Kd4 63. Nd1 Kd3 64. Nb2+ Kc2 65. Nd1 Kxd1 0-1

[Event "*** Titled Tuesday Blitz"]
[Site "Chess.com"]
[Date "2019.03.05"]
[Round "4"]
[White "Didici"]
[Black "goodluck06"]
[Result "1/2-1/2"]
[WhiteElo "2554"]
[BlackElo "2426"]
[TimeControl "180+2"]
[EndTime "13:58:59 PST"]
[Termination "Game drawn by agreement"]

1. d4 Nf6 2. c4 e6 3. Nc3 Bb4 4.
g3 d5 5. Bg2 O-O 6. Nf3 dxc4 7.
O-O Nc6 8. Qa4 a6 9. Rd1 b5 10. Nxb5 axb5 11. Qxa8 Qd7 12. Bg5 Nd5 13. Ne5 Nxe5 14. dxe5 c6 15. e4 Bb7 16. Qa7 Ra8 17.
Qd4 c5 18. Qe3 Nxe3 19. Rxd7 Bc6 20. Rc7 Nc2 21. Rc1 Nd4 22. a3 Ba5 23. Rxc6 Nxc6 24.
Be3 Bb6 25. f4 Nd4 26. Kf2 Kf8 27. Bf1 Ke7 28. g4 Rd8 29. h4 Nb3 30. Rb1 h5 31.
gxh5 Nd4 32. Be2 Rh8 33. Rg1 Nxe2 34. Kxe2 Rxh5 35. Bf2 g6 36. Kd2 Rh8 37. Kc3 Rd8 38. Kc2 Rd3 39. Rg3 Rxg3 40. Bxg3 Kd7 41. Bf2 Kc6 42.
Kc3 Ba5+ 43. Kc2 Bd8 44. Kc3 Ba5+ 45. Kc2 b4 46. a4 Bd8 47. b3 c3 48. Kd3 Bb6 49. Be1 c4+ 50. Kxc4 Be3 51. Kd3 Bxf4 52. Bf2 Bxe5 53. Be3 Bf6 54. Bf2 Kb7 55. Be1 Ka6 56.
Bf2 Be5 57. Kc4 Bf4 58. Kd3 g5 59. hxg5 Bxg5 60. Bc5 Ka5 61. Bd6 f5 62. exf5 exf5 63. Bc5 Bd8 64. Kc4 Bg5 65. Bxb4+ Ka6 66. Bxc3 Be7 67.
Be5 Kb6 68. b4 Kc6 69. Bd4 Bxb4 70. Kxb4 f4 71. Kc4 f3 72. Bf2 Kb7 73. Kb5 Ka8 74.
Kb6 Kb8 75. a5 Ka8 76. Ka6 Kb8 77. Bg3+ Ka8 1/2-1/2

[Event "*** Titled Tuesday Blitz"]
[Site "Chess.com"]
[Date "2019.03.05"]
[Round "4"]
[White "Babas"]
[Black "Andrei_Belozerov"]
[Result "1/2-1/2"]
[WhiteElo "2258"]
[BlackElo "2477"]
[TimeControl "180+2"]
[EndTime "13:59:06 PST"]
[Termination "Game drawn - insufficient material"]

1. g3 d5 2. Bg2 Nf6 3. c4 c6 4.
Nf3 Bg4 5. O-O e6 6. b3 Nbd7 7. Bb2 Bd6 8. d3 O-O 9. Nbd2 Qe7 10. a3 a5 11. Qc2 Rfd8 12. e4 dxe4 13. Nxe4 Nxe4 14. dxe4 e5 15. Nh4 g6 16. h3 Be6 17. Kh2 Nf8 18. Rfc1 f6 19. c5 Bc7 20.
Nf3 Bf7 21. Nd2 Ne6 22. b4 Nd4 23. Qb1 Rd7 24. Bf1 axb4 25. axb4 Rad8 26. Bc4 Bxc4 27.
Nxc4 Nf3+ 28. Kg2 Nd2 29. Qa2 Qf7 30. Nxd2 Rxd2 31. Qxf7+ Kxf7 32. Bc3 R2d3 33. Ra7 Rb8 34. Be1 Ke6 35. Kf1 f5 36. exf5+ gxf5 37. Ke2 e4 38. Rc3 Rd7 39. Rc2 Be5 40. Rd2 Rbd8 41. Rxb7 Rxb7 42. Rxd8 Ra7 43. Rd2 Ra3 44. Rc2 Rb3 45. h4 h5 46. Ra2 f4 47. gxf4 Bxf4 48. Ra8 Rb2+ 49. Kf1 Rb1 50. Ke2 Rb2+ 51. Kd1 Rb1+ 52. Ke2 Kd5 53.
Rd8+ Kc4 54. Rd7 Rb2+ 55. Kf1 Rb1 56. Ke2 Be5 57. Re7 Rb2+ 58. Kf1 Bc3 59. Rxe4+ Kd5 60. f3 Bxe1 61. Kxe1 Rh2 62. Rf4 Ke5 63. Re4+ Kd5 64. Rf4 Ke5 65. Rf8 Rxh4 66. f4+ Kd5 67. Rf6 Kc4 68.
Rxc6 Kxb4 69. Rh6 Rxf4 70. Rxh5 Rc4 71. Kd2 Rxc5 72. Rxc5 Kxc5 1/2-1/2

[Event "*** Titled Tuesday Blitz"]
[Site "Chess.com"]
[Date "2019.03.05"]
[Round "4"]
[White "mlchen"]
[Black "kosya4ok"]
[Result "0-1"]
[WhiteElo "2470"]
[BlackElo "2673"]
[TimeControl "180+2"]
[EndTime "13:59:09 PST"]
[Termination "kosya4ok won by resignation"]

1. e4 c6 2. d4 d5 3. exd5 cxd5 4. c4 Nf6 5. Nc3 Nc6 6. Nf3 Be6 7. cxd5 Bxd5 8.
Be2 e6 9. O-O Be7 10. Ne5 O-O 11. Be3 Rc8 12. Rc1 Qa5 13. Nxd5 Nxd5 14. Nxc6 bxc6 15.
Bd2 Qxa2 16. b3 Qb2 17. Be1 Bf6 18. Rc4 Nb6 19. Bc3 Qa2 20. Rc5 Nd5 21. Ra5 Nxc3 22.
Rxa2 Nxd1 23. Rxd1 Rc7 24. Ra6 Rb8 25. Rd3 g6 26. Kf1 Rb4 27. Ra4 Rxa4 28. bxa4 Rb7 29. Bf3 Rb1+ 30. Ke2 Rb2+ 31. Ke3 Bg5+ 32. Ke4 Rxf2 33.
Rc3 Ra2 34. Rc4 Ra3 35. Ke5 Be7 36. Bxc6 a5 37. d5 exd5 38. Bxd5 Re3+ 39. Kf4 Re2 40. Kf3 Rd2 41. Bc6 Bf6 42. Rf4 Be5 43. Rh4 f5 44. h3 f4 45. Rg4 Kg7 46. h4 Kf6 47.
h5 g5 48. Be4 h6 49. Bc6 Rc2 50. Bb5 Rc3+ 51. Ke2 Re3+ 52. Kf2 Bd4 53. Kf1 Re7 54. Bc6 Kf5 55. Bf3 Re3 56. Bd1 Rc3 57. Bf3 Rc4 58. g3 fxg3 59. Kg2 Rxa4 60. Kxg3 Be5+ 61. Kh3 Rxg4 62.
Bxg4+ Ke4 63. Be6 a4 64. Kg4 a3 65. Bf7 Kd4 66. Kf5 Bf4 67. Kg4 Kc3 68. Kf5 Kb2 69. Kg6 Bc1 70. Kxh6 g4+ 71. Kg6 g3 72. Bd5 a2 73. h6 Bxh6 74. Bxa2 Kxa2 0-1

[Event "*** Titled Tuesday Blitz"]
[Site "Chess.com"]
[Date "2019.03.05"]
[Round "4"]
[White "mikhaillushenkov"]
[Black "aridannie"]
[Result "1/2-1/2"]
[WhiteElo "2605"]
[BlackElo "2370"]
[TimeControl "180+2"]
[EndTime "13:59:15 PST"]
[Termination "Game drawn - insufficient material"]

1. Nf3 Nf6 2. c4 g6 3. b3 Bg7 4.
Bb2 O-O 5. g3 d6 6. d4 e5 7. dxe5 dxe5 8. Qxd8 Rxd8 9. Nxe5 Nfd7 10. Nd3 Nc6 11. Bxg7 Kxg7 12. Nc3 Nde5 13. Nxe5 Nxe5 14. Bg2 c6 15. Rd1 Be6 16. h3 h5 17.
e3 Nd3+ 18. Ke2 Nb4 19. Rxd8 Rxd8 20. Rd1 Re8 21. h4 Bf5 22. e4 Be6 23. a3 Na6 24. Ke3 Nc5 25. b4 Nd7 26. c5 Ne5 27. Bf1 Ng4+ 28.
Ke2 Ne5 29. Kd2 Bb3 30. Re1 Nf3+ 31. Ke2 Nxe1 32. Kxe1 f5 33. f3 fxe4 34. fxe4 Kf6 35. Kd2 Ke5 36. Ke3 Rd8 37. Bd3 Be6 38. Ne2 Bf7 39.
Ng1 Be8 40. Nf3+ Kf6 41. e5+ Ke7 42. Nd4 Bf7 43. Ne2 a5 44. b5 Rd5 45. bxc6 bxc6 46. Nf4 Rxe5+ 47. Kd4 Re1 48. Bxg6 Ra1 49. Bxh5 Rxa3 50. Bxf7 Kxf7 51. Ne2 Ra2 52. Nc3 Rg2 53. Ne4 Ke6 54. h5 Kf5 55. h6 Rh2 56. Nd6+ Ke6 57. Nc4 a4 58. Kc3 Rxh6 59. Kb4 Rh3 60.
Kxa4 Rxg3 61. Nb6 Rc3 62. Kb4 Rc1 63. Nc8 Ke5 64. Ne7 Rb1+ 65. Kc4 Rc1+ 66. Kb4 Rxc5 67.
Kxc5 Ke6 68. Nxc6 1/2-1/2

[Event "*** Titled Tuesday Blitz"]
[Site "Chess.com"]
[Date "2019.03.05"]
[Round "4"]
[White "vinniethepooh"]
[Black "Al_Shima"]
[Result "1/2-1/2"]
[WhiteElo "2478"]
[BlackElo "2444"]
[TimeControl "180+2"]
[EndTime "13:59:15 PST"]
[Termination "Game drawn by 50-move rule"]

1. d4 Nf6 2. c4 Nc6 3. Nc3 e5 4. d5 Ne7 5. h4 h5 6. e3 Ng6 7. Bd3 Bb4 8. Bxg6 Bxc3+ 9. bxc3 fxg6 10. Qc2 Kf7 11. Nf3 Qe8 12. Ng5+ Kg8 13. e4 d6 14. Be3 b6 15. f3 Nh7 16. a4 Nxg5 17. Bxg5 a5 18. Qb3 Bd7 19. O-O Kh7 20. Rf2 Rf8 21. Kh2 Rf7 22. Rff1 Qc8 23. Rf2 Qa6 24. Rff1 Rc8 25.
Rab1 Rb8 26. Ra1 Qc8 27. Rf2 Qe8 28. Rd2 Qf8 29. Rf2 Bg4 30. Raf1 Bd7 31. Ra1 Rc8 32. Rd2 Qe8 33. Kh1 Rb8 34. Kh2 Bc8 35. Rf2 Ba6 36.
Rd2 Qd7 37. Rad1 Rc8 38. Kg3 Rcf8 39. Rd3 Bc8 40. Kh2 Qe8 41. Ra1 Bd7 42. Kg3 Kg8 43. Rd2 Bc8 44. Rd3 Ba6 45. Rad1 Qd7 46. R3d2 Bc8 47.
Rd3 Kh8 48. Ra1 Kh7 49. Rad1 Re8 50. Ra1 Kh8 51. Rad1 Rff8 52. Ra1 Qf7 53. Rad1 Qg8 54. Kh2 Bd7 55. Ra1 Ra8 56. Qc2 Rf7 57. Qb3 Qc8 58. Kg3 Qa6 59. Rd2 Raf8 60. Rb1 Qc8 61. Ra1 Qe8 62. Kh2 Bc8 63. Rd3 Qd7 64. Re3 Kh7 65. Kg3 Ba6 66. Rd3 Rb8 67. Rad1 Bb7 68. R3d2 Qe8 69. Rd3 Bc8 70. Kh2 Bd7 71. Ra1 Qf8 72.
Kg3 Rf4 73. Kh2 Rf7 74. Kg3 Kh8 75. Kh2 Qc8 76. Kg3 Qa6 77. Rd2 Rg8 78. Rad1 Qa8 79. Rd3 Qe8 80. Ra1 Rgf8 81. Qc2 Kg8 82. Qb3 1/2-1/2

[Event "*** Titled Tuesday Blitz"]
[Site "Chess.com"]
[Date "2019.03.05"]
[Round "4"]
[White "DrVitman"]
[Black "gmcorrales"]
[Result "1/2-1/2"]
[WhiteElo "2653"]
[BlackElo "2702"]
[TimeControl "180+2"]
[EndTime "13:59:16 PST"]
[Termination "Game drawn by repetition"]

1. d4 Nf6 2. Nf3 g6 3. Bf4 Bg7 4. e3 O-O 5. h3 b6 6. Be2 Bb7 7. O-O c5 8. c3 d5 9. Nbd2 Nc6 10. Ne5 Nd7 11. Nxc6 Bxc6 12. Nf3 Re8 13. Qb3 a6 14. Rad1 c4 15. Qc2 b5 16. a3 a5 17. Ra1 Qb6 18. Qd2 e6 19. Ne5 Nxe5 20. Bxe5 Bxe5 21. dxe5 b4 22. axb4 axb4 23. Qd4 Rab8 24. Rfc1 bxc3 25. bxc3 Qb2 26. Bf3 Red8 27. h4 Qb6 28. Qf4 Qc7 29. h5 Qe7 30. h6 Ra8 31. Rxa8 Rxa8 32. Kh2 Kf8 33. g4 Ke8 34. Kg3 Kd8 35. Rb1 Kc7 36.
Qd4 Qa3 37. Rb6 Be8 38. Rd6 Qa7 39. Qf4 Rd8 40. Rxd8 Kxd8 41. Qf6+ Qe7 42. Qh8 Qg5 43. Be2 Qxh6 44. Qf6+ Kd7 45. Qh8 Qh1 46. Qf8 Qg1+ 47. Kf3 Qh1+ 48. Kg3 Qg1+ 49. Kf3 Qh2 50. Qd6+ Kc8 51.
Qc5+ Kd8 52. Qd6+ Bd7 53. Qb8+ Ke7 54. Qd6+ Kd8 55. Qb8+ Bc8 56. Qd6+ Ke8 57. Qc7 Qh3+ 58. Kf4 Qh2+ 59. Kf3 Qh3+ 60. Kf4 h6 61. Qxc8+ Ke7 62. Qc7+ Kf8 63. Qd8+ Kg7 64. Qf6+ Kg8 65. g5 Qh2+ 66. Kf3 Qh3+ 67. Kf4 Qh4+ 68. Kf3 Qh3+ 69. Kf4 h5 70. Qd8+ Kh7 71. Qf6 Qh2+ 72. Kf3 Qh3+ 73.
Kf4 Qh2+ 74. Kf3 Qh3+ 75. Kf4 1/2-1/2